Map: Eternal Empire LE

Players

navarre

  • Race: Protoss Protoss
  • League: Silver
  • Spawn Location: 1:00

A.I. 1 (Hard) - Winner!

  • Race: Protoss Protoss
  • Spawn Location: 7:00

VOD

Have the link to the VOD?

Description

Time

  • Played on: Sept. 8, 2020, 9:51 p.m.
  • Length: 3:37
Show
View Real Time Build Order
Export as new Build Order

navarre Protoss 

Build Orders: 1 Gate Expand 

Get SALT Encoding   

  6  0:00  Probe  
  13  0:13  Probe  
  14  0:18  Pylon  
  14  0:25  Probe (Chrono Boost)  
  15  0:37  Probe (Chrono Boost)  
  15  0:41  Gateway  
  16  0:45  Probe (Chrono Boost)  
  16  0:46  Assimilator  
  17  0:51  Probe  
  18  1:03  Probe  
  19  1:15  Probe  
  20  1:24  Nexus  
  20  1:34  Cybernetics Core  
  20  1:36  Probe  
  21  1:42  Assimilator  
  21  1:48  Probe  
  22  1:54  Pylon  
  22  2:00  Probe  
  23  2:09  Stalker (Chrono Boost)  
  23  2:13  Probe  
  26  2:25  Probe  
  26  2:28  Robotics Facility  
  27  2:35  Stalker  
  29  2:37  Probe x2  
  31  2:49  Probe x2  
  33  2:56  Gateway  
  33  3:01  Gateway  
  33  3:04  Probe  
  33  3:05  Probe  
  35  3:16  Observer (Chrono Boost)  
  35  3:17  Probe x2  
  38  3:23  Pylon  
Show
View Real Time Build Order
Export as new Build Order

A.I. 1 (Hard) Protoss - Winner!

Build Orders:  

Get SALT Encoding   

  6  0:00  Probe  
  13  0:13  Probe  
  14  0:20  Pylon  
  14  0:25  Probe  
  15  0:34  Probe  
  15  0:42  Probe  
  16  0:47  Assimilator  
  17  0:50  Gateway  
  17  0:52  Probe  
  18  1:00  Pylon, Probe  
  19  1:20  Probe  
  20  1:39  Zealot  
  22  1:41  Cybernetics Core  
  22  1:43  Gateway  
  22  1:46  Assimilator  
  22  1:59  Zealot  
  22  2:02  Pylon  
  24  2:23  Zealot  
  26  2:31  Zealot  
  28  2:41  Pylon  
  28  2:50  Stalker  
  30  2:58  Stalker  
  32  3:00  Probe  
  33  3:08  Probe  
  34  3:16  Probe  
  34  3:21  Forge  
  37  3:32  Pylon  
Tags
 
League
Silver
Matchup
PvP
Spawn Locations
Cross Positions
Add a new tag
Caveats
  • Supply blocks, unpowered buildings, or Contaminate may cause inaccurate times.
  • Supply counts are checked every 10 seconds.